 Dungeon Crawl Stone Soup version 0.21-a0-351-g38363bb (webtiles) character file.

1426 nikopol the Cleaver (level 8, -13/71 HPs)
             Began as a Minotaur Berserker on Oct 9, 2017.
             Was a Priest of Trog.
             Killed from afar by Dowan (26 damage)
             ... with a shard of ice
             ... on level 5 of the Dungeon.
             The game lasted 00:07:21 (3386 turns).

nikopol the Cleaver (Minotaur Berserker)            Turns: 3386, Time: 00:07:22

Health: -13/71     AC:  7    Str: 22    XL:     8   Next: 44%
Magic:  7/7        EV: 12    Int:  4    God:    Trog [***...]
Gold:   218        SH:  0    Dex: 12    Spells: 7/7 levels left

rFire    . . .     SeeInvis .   a - +0 war axe
rCold    . . .     Gourm    .   (no shield)
rNeg     . . .     Faith    .   u - +0 scale mail
rPois    .         Spirit   .   (helmet restricted)
rElec    .         Reflect  .   (no cloak)
rCorr    .         Harm     .   (no gloves)
MR       .....                  (no boots)
Stlth    ..........             (no amulet)
HPRegen  0.21/turn              (no ring)
MPRegen  0.10/turn              (no ring)

@: berserk cooldown, slowed, very slow
A: retaliatory headbutt, horns 2
a: Berserk, Trog's Hand, Burn Spellbooks, Renounce Religion


You were on level 5 of the Dungeon.
You worshipped Trog.
Trog was most pleased with you.
You were near starving.

You visited 1 branch of the dungeon, and saw 5 of its levels.

You collected 218 gold pieces.

Inventory:

Hand Weapons
 a - a +0 war axe (weapon)
 y - a -3 hand axe
 D - a +0 hand axe
Missiles
 n - 87 arrows
Armour
 b - a +0 animal skin
 q - a +0 ring mail
 u - a +0 scale mail (worn)
Jewellery
 t - an uncursed amulet of the gourmand {unknown}
 x - an uncursed amulet of rage {unknown}
 B - a cursed ring of teleportation {unknown}
Wands
 p - a wand of polymorph (12/24)
 G - a wand of clouds (7/9)
Scrolls
 e - a scroll of fog {unknown}
 f - 3 scrolls of teleportation {unknown}
 h - 2 scrolls of remove curse
 k - 2 scrolls of enchant weapon {unknown}
 l - a scroll of blinking {unknown}
 m - a scroll of fear {unknown}
 o - 2 scrolls of enchant armour {unknown}
 r - a scroll of magic mapping {unknown}
 A - a scroll of amnesia {unknown}
 C - 2 scrolls of identify {unknown}
Potions
 d - a potion of resistance {unknown}
 g - 3 potions of might {unknown}
 i - 2 potions of mutation {unknown}
 j - a potion of brilliance {unknown}
 s - a potion of lignification {unknown}
 z - a potion of heal wounds
 E - a potion of experience {unknown}
 F - a potion of berserk rage {unknown}
Comestibles
 c - 2 bread rations
 v - a royal jelly
 w - 2 meat rations


   Skills:
 + Level 6.8 Fighting
 + Level 9.4 Axes
 + Level 6.1 Armour
 + Level 3.9 Dodging
 + Level 1.0 Stealth


You had 7 spell levels left.
You didn't know any spells.

Dungeon Overview and Level Annotations

Branches:
Dungeon (5/15)
 Temple: D:4-7

Altars:
Makhleb

Shops:
D:4 }

Annotations:
D:5 2 transporters, Dowan, Sigmund


Innate Abilities, Weirdness & Mutations

You reflexively headbutt those who attack you in melee.
You have a pair of horns on your head.


Message History

Your Armour skill increases to level 6!
Your Stealth skill increases to level 1!
Dowan seems to find hidden reserves of power!
Found a stone staircase leading down.
Things that are here:
a short sword; a ring mail You feel a strong urge to attack something.
Sigmund the Dreaded comes into view.
He is wielding a scythe.
Sigmund shouts!
Dowan mumbles some strange words.
Dowan blinks!
You feel your anger subside.
You are no longer berserk.
You are exhausted.
You feel yourself slow down. Dowan hits you but does no damage.
Dowan barely misses you. You furiously retaliate!
You headbutt Dowan. Dowan hits you but does no damage.
Dowan points at you and mumbles some strange words.
The shard of ice hits you!
You die...

.............###.....##
>.............#...##..#
.......)..........##.##
.!................####
............##....###
#................#..#
.................####
#....#.@....e....#
###.#####...@...## #..
#.......#### ..
#........#.# #
#.........##
..#.......^##
.........### .........#
#####...## ##..#####.#


You could see Sigmund and Dowan.

Vanquished Creatures
  Pikel (D:4)
  Grinder (D:5)
  Duvessa (D:5)
  2 phantoms
  A slave (D:4)
  An ogre (D:2)
  A scorpion (D:4)
  A howler monkey (D:4)
  A hound (D:4)
  2 orc priests
  An orc wizard (D:4)
  Natasha (D:3)
  A worker ant zombie (D:5)
  5 adders
  An ooze (D:4)
  5 worms
  3 dart slugs
  A leopard gecko (D:2)
  16 orcs
  2 giant cockroaches (D:4)
  7 hobgoblins
  2 jackals (D:2)
  2 quokkas
  A ball python (D:1)
  6 bats
  4 frilled lizards
  8 goblins
  4 kobolds
  11 rats
93 creatures vanquished.

Vanquished Creatures (others)
  A slave (D:4)
  A scorpion (D:4)
  A worker ant (D:4)
3 creatures vanquished.

Grand Total: 96 creatures vanquished

Notes
Turn   | Place    | Note
-------+----------+-------------------------------------------
     0 | D:1      | nikopol the Minotaur Berserker began the quest for the Orb.
     0 | D:1      | Reached XP level 1. HP: 19/19 MP: 0/0
   140 | D:1      | Reached XP level 2. HP: 23/27 MP: 1/1
   215 | D:1      | Reached skill level 4 in Axes
   536 | D:2      | Reached ** piety under Trog
   761 | D:2      | Reached XP level 3. HP: 30/33 MP: 2/2
  1129 | D:2      | Noticed an ogre
  1139 | D:2      | Killed an ogre
  1139 | D:2      | Reached skill level 5 in Axes
  1139 | D:2      | Reached XP level 4. HP: 35/41 MP: 3/3
  1145 | D:2      | Reached XP level 5. HP: 37/47 MP: 4/4
  1361 | D:3      | Reached skill level 6 in Axes
  1462 | D:3      | Reached skill level 5 in Fighting
  1627 | D:3      | Found a faded altar of an unknown god.
  1700 | D:3      | Noticed Natasha
  1720 | D:3      | Killed Natasha
  1821 | D:3      | Noticed a phantom
  1858 | D:3      | Killed a phantom
  1858 | D:3      | Reached XP level 6. HP: 43/56 MP: 5/5
  2041 | D:4      | Found Urphuklep's Gadget Boutique.
  2056 | D:4      | Reached skill level 7 in Axes
  2090 | D:4      | Reached *** piety under Trog
  2137 | D:4      | Reached XP level 7. HP: 42/62 MP: 6/6
  2416 | D:4      | Noticed Pikel
  2445 | D:4      | Killed Pikel
  2445 | D:4      | Reached skill level 8 in Axes
  2445 | D:4      | Reached skill level 5 in Armour
  2445 | D:4      | Reached XP level 8. HP: 40/71 MP: 7/7
  3090 | D:5      | Entered Level 5 of the Dungeon
  3101 | D:5      | Found a transporter.
  3118 | D:5      | Found a burning altar of Makhleb.
  3161 | D:5      | Found a transporter.
  3355 | D:5      | Noticed Grinder
  3361 | D:5      | Noticed Duvessa
  3369 | D:5      | Noticed Dowan
  3369 | D:5      | Paralysed by Grinder for 6 turns
  3376 | D:5      | Killed Grinder
  3376 | D:5      | Reached skill level 9 in Axes
  3379 | D:5      | Killed Duvessa
  3379 | D:5      | Reached skill level 1 in Stealth
  3381 | D:5      | Noticed Sigmund
  3386 | D:5      | Killed from afar by Dowan

Vault maps used:
D:1:      dpeg_arrival_pond, kennysheep_boxes
D:3:      first_bread, chequers_ecumenical_altar_twisty, uniq_natasha
D:4:      kennysheep_small_square, uniq_pikel
D:5:      gammafunk_steamed_eel, serial_shops, kennysheep_little_box,
          bloody_makhleb, uniq_duvessa, uniq_eustachio, uniq_grinder,
          uniq_sigmund

Skill      XL: |  1  2  3  4  5  6  7  8 |
---------------+-------------------------+-----
Fighting       | 4 5 6 |  6.8
Axes           | 4 5 6 7 8 9 |  9.4
Dodging        | 3 |  3.9
Armour         | 3 5 6 |  6.1
Stealth        | 1 |  1.0

Action                   |  1- 3 |  4- 6 |  7- 9 || total
-------------------------+-------+-------+-------++-------
Melee: Hand axe          |    82 |   120 |    48 ||   250
       Headbutt          |    12 |    28 |    20 ||    60
       War axe           |       |       |    22 ||    22
Invok: Berserk           |       |     1 |     3 ||     4
  Use: Scroll            |       |       |     1 ||     1
  Eat: Chunk             |       |     5 |     2 ||     7
       Royal jelly       |       |       |     1 ||     1
Armor: Animal skin       |    10 |     2 |       ||    12
       Scale mail        |       |    29 |    20 ||    49
       Ring mail         |       |     8 |       ||     8
Dodge: Dodged            |    56 |    65 |    30 ||   151

Table legend:
 A = Spawn XP
 B = Non-spawn XP
 C = Spawn XP percentage of total XP
 D = Spawn monster count
 E = Non-spawn monster count
 F = Spawn count percentage of total count
 G = Total turns spent on level
                    A         B        C        D         E        F      G
               +---------+---------+-------+---------+---------+-------+---------
         Total |       0 |    2038 |   0.0 |       0 |      93 |   0.0 |  3386
               +---------+---------+-------+---------+---------+-------+---------
           D:1 |       0 |      31 |   0.0 |       0 |      19 |   0.0 |   523
           D:2 |       0 |     167 |   0.0 |       0 |      22 |   0.0 |   801
           D:3 |       0 |     292 |   0.0 |       0 |      24 |   0.0 |   688
           D:4 |       0 |    1097 |   0.0 |       0 |      23 |   0.0 |  1078
           D:5 |       0 |     451 |   0.0 |       0 |       5 |   0.0 |   296
               +---------+---------+-------+---------+---------+-------+---------
